 Dungeon Crawl Stone Soup version 0.29-a0-359-g541a27f54d (webtiles) character file.

Game seed: 8737968676178842125

1112 zeratav the Archer (level 7, -1/53 HPs)
             Began as a Demigod Hunter on Apr 27, 2022.
             Slain by an ice beast (5 damage)
             ... on level 6 of the Dungeon.
             The game lasted 00:08:57 (5066 turns).

zeratav the Archer (Demigod Hunter)                 Turns: 5066, Time: 00:08:58

Health: -1/53      AC:  4    Str: 12    XL:     7   Next: 87%
Magic:  9/9        EV: 12    Int: 11    God:
Gold:   438        SH:  0    Dex: 25    Spells: 6/6 levels left

rFire   . . .      SeeInvis .   a - +1 shortbow {bow}
rCold   . . .      Faith    .   (shield currently unavailable)
rNeg    . . .      Spirit   .   b - +0 leather armour
rPois   .          Reflect  .   t - +0 helmet
rElec   .          Harm     .   (no cloak)
rCorr   .          Rampage  .   (no gloves)
Will    .....                   (no boots)
Stlth   ++........              f - amulet of magic regeneration {@e2}
HPRegen 0.17/turn               (no ring)
MPRegen 0.51/turn               (no ring)

@: no status effects
A: high MP 1, forlorn, divine attributes
a: no special abilities


You were on level 6 of the Dungeon.
You visited 1 branch of the dungeon, and saw 6 of its levels.
You also visited: Sewer.

You collected 438 gold pieces.


Innate Abilities, Weirdness & Mutations

You have an increased reservoir of magic. (+10% MP)
You shall have no god before yourself.
Your divine heritage dramatically boosts your attributes as you level up.


   Skills:
 - Level 1.7 Fighting
 + Level 9.6 Bows
 - Level 1.7 Dodging
 - Level 0.8 Stealth


You had 6 spell levels left.
You didn't know any spells.
Your spell library contained the following spells:

 Spells                   Type           Power      Damage    Failure   Level
 Slow                     Hex            0%         N/A       41%         1
 Call Canine Familiar     Summ           0%         N/A       80%         3
 Confusing Touch          Hex            0%         N/A       80%         3
 Gell's Gravitas          Tloc           0%         N/A       80%         3
 Ignite Poison            Fire/Tmut/Pois 0%         N/A       80%         3
 Lesser Beckoning         Tloc           0%         N/A       80%         3
 Mephitic Cloud           Conj/Pois/Air  0%         N/A       80%         3
 Portal Projectile        Hex/Tloc       0%         N/A       80%         3
 Teleport Other           Tloc           0%         N/A       80%         3
 Vampiric Draining        Necr           0%         2d6       80%         3
 Animate Dead             Necr           0%         N/A       99%         4
 Leda's Liquefaction      Hex/Erth       0%         N/A       99%         4
 Borgnjor's Vile Clutch   Necr/Erth      0%         N/A       100%        5
 Freezing Cloud           Conj/Ice/Air   0%         6-21      100%        5
 Death Channel            Necr           0%         N/A       100%        6
 Haunt                    Necr/Summ      0%         N/A       100%        7
 Infestation              Necr           0%         N/A       100%        8

Inventory:

Hand Weapons
 a - a +1 shortbow (weapon) {bow}
 y - a +2 falchion of flaming {long}
   (You took it off an orc on level 4 of the Dungeon)
 F - a +0 dagger of speed {short}
   (You took it off an orc on level 6 of the Dungeon)
Armour
 b - a +0 leather armour (worn)
 d - a +0 scale mail
   (You took it off an orc on level 5 of the Dungeon)
 h - a +0 robe
   (You took it off an orc wizard on level 5 of the Dungeon)
 t - a +0 helmet (worn)
   (You found it on level 3 of the Dungeon)
 C - a +0 robe
   (You found it on level 5 of the Dungeon)
 D - a +0 robe
   (You took it off an orc wizard on level 6 of the Dungeon)
 E - a +0 leather armour
   (You took it off an orc on level 6 of the Dungeon)
 G - a +0 pair of boots
   (You found it on level 6 of the Dungeon)
Jewellery
 f - an amulet of magic regeneration (around neck) {@e2}
   (You found it on level 1 of the Dungeon)
 A - a ring of ice
   (You found it on level 5 of the Dungeon)
Wands
 k - a wand of iceblast (6)
   (You found it on level 4 of the Dungeon)
 o - a wand of flame (14)
   (You found it on level 3 of the Dungeon)
 r - a wand of polymorph (1)
   (You took it off Natasha on level 2 of the Dungeon)
Scrolls
 c - a scroll of immolation {!r!r}
 i - a scroll of amnesia
 j - a scroll of holy word
 m - 3 scrolls of teleportation {@r4}
 p - 3 scrolls of blinking {!r}
 q - 2 scrolls of vulnerability {!r!r}
 u - 2 scrolls of enchant weapon
 w - a scroll of magic mapping {!r}
Potions
 e - 4 potions of brilliance {unknown}
 g - 3 potions of curing {unknown}
 l - a potion of attraction {unknown}
 n - 3 potions of degeneration {unknown}
 s - 2 potions of flight {unknown}
 v - 2 potions of might {unknown}
 x - a potion of heal wounds {unknown}
 z - a potion of haste {unknown}
 B - a potion of mutation {unknown}

Dungeon Overview and Level Annotations

Branches:
Dungeon (6/15)              Sewer (visited)
 Temple: D:4-7

...... ....# .# #. ...#
.# #.####.## ##$#
#.......##...##
##............##
#..##......#..#
##..#Y#.....# #++#
##.#@##..#..# #..#
#.#.##.###..# ##..# #..
#.#.##.# #..###..##
#...#...##.# #........
#...##..##.### ####...##
#....#.......#####..#.##
#...................#..#
#....>.#.##...##....##..
.#####...####.##.##.###.


You could see an ice beast.


Message History

No target in view!
No target in view!
No target in view!
No target in view!
No target in view!
No target in view!
No target in view!
No target in view!
No target in view!
You pick up a book of Death and begin reading...
You add the spells Haunt and Infestation to your library.
An ice beast comes into view.
You shoot an arrow. The arrow hits the ogre.
You shoot an arrow. The arrow barely misses the ogre.
You shoot an arrow.
The arrow hits the ogre but does no damage.
The ogre hits you with a +0 giant club!
HP[-10]
You take 10 damage, and now have 43/53 hp.
You shoot an arrow. The arrow hits the ogre.
HP[+1]
You shoot an arrow. The arrow hits the ogre!
The ogre closely misses you.
You shoot an arrow. The arrow barely misses the ogre.
The ogre hits you with a +0 giant club!
HP[-15]
You take 15 damage, and now have 29/53 hp.
MASSIVE DAMAGE!! (PAUSE)
You are too injured to fight recklessly!
Shoot: a) +1 shortbow {bow}
Press: ? - help, Q - select action, (/) - cycle Shift-Dir - straight line, f/p - ogre
Aim: an ogre, wielding a +0 giant club (severely wounded, 80% to hit)
You shoot an arrow. The arrow hits the ogre!
You kill the ogre!
Shoot: a) +1 shortbow {bow}
Press: ? - help, Q - select action, (/) - cycle Shift-Dir - straight line, f - ice beast
Aim: an ice beast (69% to hit)
You shoot an arrow. The arrow closely misses the ice beast.
Shoot: a) +1 shortbow {bow}
Press: ? - help, Q - select action, (/) - cycle Shift-Dir - straight line, f/p - ice beast
Aim: an ice beast (69% to hit)
You shoot an arrow. The arrow barely misses the ice beast.
HP[+1] Shoot: a) +1 shortbow {bow}
Press: ? - help, Q - select action, (/) - cycle Shift-Dir - straight line, f/p - ice beast
Aim: an ice beast (69% to hit)
You shoot an arrow. The arrow hits the ice beast.
Shoot: a) +1 shortbow {bow}
Press: ? - help, Q - select action, (/) - cycle Shift-Dir - straight line, f/p - ice beast
Aim: an ice beast (lightly wounded, 69% to hit)
You shoot an arrow.
The arrow hits the ice beast but does no damage.
Shoot: a) +1 shortbow {bow}
Press: ? - help, Q - select action, (/) - cycle Shift-Dir - straight line, f/p - ice beast
Aim: an ice beast (lightly wounded, 69% to hit)
You shoot an arrow. The arrow closely misses the ice beast.
Shoot: a) +1 shortbow {bow}
Press: ? - help, Q - select action, (/) - cycle Shift-Dir - straight line, f/p - ice beast
Aim: an ice beast (lightly wounded, 69% to hit)
You shoot an arrow.
The arrow hits the ice beast but does no damage.
The ice beast misses you.
Shoot: a) +1 shortbow {bow}
Press: ? - help, Q - select action, (/) - cycle Shift-Dir - straight line, f/p - ice beast
Aim: an ice beast (lightly wounded, 69% to hit)
You shoot an arrow. The arrow hits the ice beast!
The ice beast hits you.
* * * LOW HITPOINT WARNING * * *
The ice beast freezes you!
* * * LOW HITPOINT WARNING * * *
The ice beast hits you but does no damage.
HP[-12]
You take 12 damage, and now have 18/53 hp.
MASSIVE DAMAGE!! (PAUSE) Shoot: a) +1 shortbow {bow}
Press: ? - help, Q - select action, (/) - cycle Shift-Dir - straight line, f/p - ice beast
Aim: an ice beast (heavily wounded, 69% to hit)
You shoot an arrow.
The arrow hits the ice beast but does no damage.
The ice beast hits you but does no damage.
HP[+1] Shoot: a) +1 shortbow {bow}
Press: ? - help, Q - select action, (/) - cycle Shift-Dir - straight line, f/p - ice beast
Aim: an ice beast (heavily wounded, 69% to hit)
You shoot an arrow. The arrow hits the ice beast.
The ice beast hits you.
* * * LOW HITPOINT WARNING * * *
The ice beast freezes you!
* * * LOW HITPOINT WARNING * * *
HP[-14]
You take 14 damage, and now have 5/53 hp.
MASSIVE DAMAGE!! (PAUSE) Shoot: a) +1 shortbow {bow}
Press: ? - help, Q - select action, (/) - cycle Shift-Dir - straight line, f/p - ice beast
Aim: an ice beast (heavily wounded, 69% to hit)
You shoot an arrow.
The arrow hits the ice beast but does no damage.
The ice beast hits you.
* * * LOW HITPOINT WARNING * * *
The ice beast freezes you.
You die...

Skill      XL: |  1  2  3  4  5  6  7 |
---------------+----------------------+-----
Bows           | 4 5 6 7 8 9 |  9.6
Fighting       | |  1.7
Dodging        | |  1.7
Stealth        | |  0.8

Action                   |  1- 3 |  4- 6 |  7- 9 || total
-------------------------+-------+-------+-------++-------
 Fire: Shortbow          |   108 |   186 |    99 ||   393
  Use: Scroll            |       |     7 |       ||     7
Armor: Leather armour    |     8 |    11 |    10 ||    29
       Skin              |     3 |       |       ||     3
Dodge: Dodged            |    38 |    34 |    17 ||    89

Levels and vault maps discovered:
D:1:      lemuel_arrival_room, layout_basic,
          dreamdust_ecumenical_altar_drowned_temple
D:2:      layout_loops_ring, uniq_natasha, uniq_terence
D:3:      layout_basic, lemuel_round_altar
D:4:      layout_gridville, nicolae_kikubaaqudgha_miasma_corner,
          lightli_sewer_entry_pipes
D:5:      layout_gridville, nicolae_sif_muna_condensation, st_stairs_7,
          minmay_tree_intersection
D:6:      layout_rooms, gammafunk_temple_overflow_wave,
          minmay_temple_entry_wispy

Notes
Turn   | Place    | Note
-------+----------+-------------------------------------------
     0 | D:1      | zeratav the Demigod Hunter began the quest for the Orb.
     0 | D:1      | Reached XP level 1. HP: 17/17 MP: 3/3
     0 | D:1      | magus.rc [v1.9.6]
   116 | D:1      | Reached skill level 4 in Bows
   127 | D:1      | Reached XP level 2. HP: 23/24 MP: 4/4
   627 | D:1      | Reached XP level 3. HP: 29/29 MP: 5/5
   731 | D:2      | You add the spells Ignite Poison, Mephitic Cloud and
                  | Freezing Cloud to your library.
   739 | D:2      | Noticed Terence
   753 | D:2      | Killed Terence
   754 | D:2      | Reached skill level 5 in Bows
   969 | D:2      | Noticed Natasha
   977 | D:2      | Killed Natasha
   978 | D:2      | Reached XP level 4. HP: 36/36 MP: 6/6
   997 | D:2      | Noticed Natasha
  1001 | D:2      | Killed Natasha
  1107 | D:2      | You pick up a book of the Hunter and begin reading...
  1107 | D:2      | You add the spells Call Canine Familiar, Portal Projectile
                  | and Leda's Liquefaction to your library.
  1476 | D:2      | Noticed Natasha
  1485 | D:2      | Killed Natasha
  1651 | D:3      | Reached skill level 6 in Bows
  1660 | D:2      | Reached XP level 5. HP: 17/41 MP: 7/7
  2106 | D:3      | You pick up a book of Debilitation and begin reading...
  2106 | D:3      | You add the spells Slow, Vampiric Draining and Confusing
                  | Touch to your library.
  2265 | D:3      | You pick up a book of Unlife and begin reading...
  2265 | D:3      | You add the spells Animate Dead, Borgnjor's Vile Clutch and
                  | Death Channel to your library.
  2475 | D:3      | You pick up a book of Displacement and begin reading...
  2475 | D:3      | You add the spells Lesser Beckoning, Gell's Gravitas and
                  | Teleport Other to your library.
  2645 | D:4      | Reached skill level 7 in Bows
  2645 | D:4      | Reached XP level 6. HP: 34/48 MP: 8/8
  3020 | D:4      | Found a glowing drain.
  3028 | Sewer    | Entered a sewer
  3569 | D:5      | Entered Level 5 of the Dungeon
  3612 | D:5      | Reached skill level 8 in Bows
  3764 | D:5      | Reached XP level 7. HP: 53/53 MP: 9/9
  4081 | D:5      | HP: 11/53 [poisoned by an orc wizard]
  4086 | D:5      | HP: 6/53 [poisoned by an orc wizard]
  4635 | D:5      | Reached skill level 9 in Bows
  5045 | D:6      | You pick up a book of Death and begin reading...
  5045 | D:6      | You add the spells Haunt and Infestation to your library.
  5065 | D:6      | HP: 5/53 [ice beast (13)]
  5066 | D:6      | Slain by an ice beast

Vanquished Creatures
  A black bear (D:5)
  An ice beast (D:5)
  An ogre (D:6)
  2 necrophages
  2 orc priests
  2 hounds (D:5)
  2 jellies
  Terence (D:2)
  3 iguanas
  3 orc wizards
  Natasha (thrice) (D:2)
  A hell rat (Sewer)
  4 gnolls (D:3)
  8 adders
  2 river rats (D:4)
  2 ufetubi
  6 worms
  3 dart slugs
  15 orcs
  9 endoplasms
  A giant cockroach (D:2)
  9 goblins
  4 hobgoblins
  8 jackals (D:1)
  6 kobolds
  3 quokkas
  6 ball pythons
  7 bats
  3 frilled lizards
  7 rats
  A spectral kobold (D:1)
126 creatures vanquished.

Table legend:
 A = Non-vault XP
 B = Vault XP
 C = Vault XP percentage of total XP
 D = Non-vault monster count
 E = Vault monster count
 F = Vault count percentage of total count
                 A         B        C        D         E       F
            +---------+---------+-------+---------+---------+-------
      Total |    1401 |     188 |  11.8 |     107 |      19 |  15.1
            +---------+---------+-------+---------+---------+-------
        D:1 |      50 |       1 |   2.0 |      26 |       1 |   3.7
        D:2 |     154 |      71 |  31.6 |      20 |       2 |   9.1
        D:3 |     101 |       0 |   0.0 |      21 |       0 |   0.0
        D:4 |     171 |      76 |  30.8 |      14 |      11 |  44.0
        D:5 |     633 |       3 |   0.5 |      20 |       1 |   4.8
        D:6 |     292 |       0 |   0.0 |       6 |       0 |   0.0
      Sewer |       0 |      37 | 100.0 |       0 |       4 | 100.0
            +---------+---------+-------+---------+---------+-------

Illustrated notes

Table legend:
 A = Kills in this place as a percentage of kills in entire the game.
 B = Kills by you in this place as a percentage of kills by you in the entire game.
 C = Kills by friends in this place as a percentage of kills by friends in the entire game.
 D = Other kills in this place as a percentage of other kills in the entire game.
 E = Experience gained in this place as a percentage of experience gained in the entire game.
 F = Experience gained in this place divided by the number of levels of this place that you have seen.
                   A       B       C       D       E      F
               +-------+-------+-------+-------+-------+----------------------
         Total | 100.0 | 100.0 |   N/A |   N/A | 100.0 | 227.0
       Dungeon |  96.8 |  96.8 |   N/A |   N/A |  97.7 | 258.7
         Sewer |   3.2 |   3.2 |   N/A |   N/A |   2.3 |  37.0
               +-------+-------+-------+-------+-------+----------------------

Table legend: (Time is in decaauts)
 A = Elapsed time spent in this place.
 B = Non-inter-level travel time spent in this place.
 C = Inter-level travel time spent in this place.
 D = Time resting spent in this place.
 E = Time spent auto-exploring this place.
 F = Levels seen in this place.
 G = Mean time per level.
                   A        B        C        D        E       F      G
               +--------+--------+--------+--------+--------+-----+--------+
         Total |   5213 |   5059 |    154 |    704 |   3539 |   7 |  744.7 |
       Dungeon |   5059 |   4905 |    154 |    704 |   3413 |   6 |  843.2 |
         Sewer |    154 |    154 |      0 |      0 |    126 |   1 |  154.0 |
               +--------+--------+--------+--------+--------+-----+--------+

Top non-repeatable levels by time:
     D:2: 1372 daAuts
     D:5: 1235 daAuts
     D:4: 893 daAuts
     D:1: 732 daAuts
     D:3: 551 daAuts
     D:6: 273 daAuts
   Sewer: 154 daAuts
